 Dungeon Crawl Stone Soup version 0.16.2-12-gd0ad4c3 (webtiles) character file.

2130 faibistes the Thaumaturge (level 9, -2/47 HPs)
             Began as a Deep Elf Wizard on Apr 2, 2018.
             Was a Priest of Sif Muna.
             Slain by an orc warrior
             ... wielding a +0 flail
              (23 damage)
             ... on level 7 of the Dungeon.
             The game lasted 00:26:06 (8631 turns).

faibistes the Thaumaturge (Deep Elf Wizard)         Turns: 8631, Time: 00:26:06

Health: -2/47      AC:  4    Str:  4    XL:     9   Next: 9%
Magic:  24/29      EV: 14    Int: 27    God:    Sif Muna [***...]
Gold:   391        SH:  0    Dex: 13    Spells: 6 memorised, 13 levels left

rFire  . . .     SeeInvis .     q - +1 hand axe (elec)
rCold  . . .     Clarity  .     a - +0 robe
rNeg   . . .     SustAb   +     (no shield)
rPois  .         Gourm    .     b - +1 hat
rElec  .         Spirit   .     H - +0 cloak
rCorr  .         Warding  .     (no gloves)
rMut   .         Stasis   .     (no boots)
MR     .....                    (no amulet)
Stlth  ++........               F - ring of sustain abilities
                                w - ring of flight

@: repel missiles, not resistant to hostile enchantments, unstealthy
A: no striking features
a: Channel Energy, Forget Spell, Renounce Religion, Evoke Flight


You were on level 7 of the Dungeon.
You worshipped Sif Muna.
Sif Muna was most pleased with you.
You were not hungry.

You visited 2 branches of the dungeon, and saw 9 of its levels.
You also visited: Sewer.

You collected 391 gold pieces.

Inventory:

Hand weapons
 e - a +0 club
 h - a +0 dagger
 q - a +1 hand axe of electrocution (weapon)
 y - a +2 vampiric dagger
Armour
 a - a +0 robe (worn)
 b - a +1 hat (worn)
 H - a +0 cloak (worn)
Jewellery
 w - a ring of flight (left hand)
 F - a ring of sustain abilities (right hand)
Scrolls
 g - 2 scrolls of immolation
 i - 6 scrolls of teleportation
 l - a scroll of magic mapping
 u - 3 scrolls of recharging
 A - a scroll of enchant weapon
 C - 2 scrolls of remove curse
 D - 3 scrolls of fog
 E - 2 scrolls of enchant armour
Potions
 f - a potion of haste {unknown}
 j - a potion of might {unknown}
 m - 2 potions of lignification
 n - 2 potions of curing
 o - 2 potions of heal wounds
 p - 5 potions of flight
 s - a potion of brilliance {unknown}
 v - a potion of berserk rage {unknown}
 x - a potion of restore abilities {unknown}
 B - 2 potions of ambrosia {unknown}
Books
 c - a book of Minor Magic

   Spells                             Type                      Level
   a - Magic Dart                     Conjuration                  1
   b - Blink                          Translocation                2
   c - Call Imp                       Summoning                    2
   d - Repel Missiles                 Charms/Air                   2
   e - Slow                           Hexes                        2
   f - Conjure Flame                  Conjuration/Fire             3
   g - Mephitic Cloud                 Conjuration/Poison/Air       3
Comestibles
 d - 6 bread rations
 k - 6 meat rations
 r - 3 fruits
 t - 7 slices of pizza
 z - 3 beef jerkies
 G - 6 chunks of flesh


   Skills:
 - Level 1.2 Fighting
 + Level 5.3 Dodging
 - Level 2.4 Stealth
 * Level 9.0 Spellcasting
 * Level 5.6 Conjurations
 - Level 4.3 Summonings
 - Level 2.2 Translocations
 - Level 3.9 Fire Magic
 * Level 3.6 Air Magic
 + Level 2.9 Poison Magic
 - Level 1.3 Evocations


You had 13 spell levels left.
You knew the following spells:

 Your Spells              Type           Power        Failure   Level  Hunger
a - Magic Dart            Conj           ####         1%          1    None
b - Conjure Flame         Conj/Fire      #####...     1%          3    None
c - Call Imp              Summ           #####...     1%          2    None
d - Blink                 Tloc           N/A          2%          2    None
e - Mephitic Cloud        Conj/Pois/Air  ####....     2%          3    None
f - Repel Missiles        Chrm/Air       ###...       3%          2    None


Dungeon Overview and Level Annotations

Branches:
Dungeon (8/15)             Temple (1/1) D:5
   Lair: D:8-11

Altars:
Ashenzari
Dithmenos
Elyvilon
Fedhas
Gozag
Makhleb
Okawaru
Ru
Sif Muna
Trog
Xom
The Shining One


Message History

Aiming: Mephitic Cloud
Press: ? - help, Shift-Dir - straight line, f - orc warrior
Aim: an orc warrior, wielding a flail and wearing a plate armour (flame)
Okay, then.
Unknown command.
You hit the orc warrior.
The orc warrior is lightly wounded.
The orc priest calls down the wrath of Beogh upon you.
Something smites you!
The orc warrior is engulfed in roaring flames.
The orc warrior misses you.
You hit the orc warrior but do no damage.
The orc warrior is lightly wounded.
The orc warrior is engulfed in roaring flames.
The orc warrior hits you with a flail!
You hit the orc warrior but do no damage.
The orc warrior is moderately wounded.
The orc warrior is engulfed in roaring flames.
The orc warrior hits you with a flail!!
You die...

##################'####
#............#......#
#............#......#
#............#.o....#
#............#{...o.#
#............#####o##
#............# #.#
#............#####.#
#............@oo.§o#
#............#################
#.............)..÷.÷.........#
#............)##############.#
#.............# #.#
#######.#####.# #.# #.......#
#.# ######### #.# #.#


You could see an orc warrior, an orc priest and an orc.

Vanquished Creatures
  A hog (D:7)
  A human (D:7)
  2 centaurs (D:5)
  2 ogres
  A phantom (D:6)
  4 big kobolds (Sewer)
  3 giant frogs
  3 crimson imps
  A centaur zombie (D:7)
  A goliath beetle (D:6)
  4 hounds
  8 orc priests
  An iguana (D:5)
  2 orc wizards
  2 worker ants
  3 sheep (D:7)
  7 adders
  9 gnolls
  A river rat (Sewer)
  2 worms
  An adder skeleton (D:5)
  4 giant geckos
  17 orcs
  A bat skeleton (D:4)
  3 giant cockroaches
  6 hobgoblins
  An ooze (Sewer)
  2 quokkas
  4 ball pythons
  8 bats
  A giant gecko skeleton (D:6)
  5 giant newts
  13 goblins
  4 jackals (D:3)
  15 kobolds
  16 rats
159 creatures vanquished.

Vanquished Creatures (collateral kills)
  A river rat (Sewer)
  A worm (D:4)
2 creatures vanquished.

Vanquished Creatures (others)
  5 toadstools (D:1)
5 creatures vanquished.

Grand Total: 166 creatures vanquished

Notes
Turn   | Place    | Note
--------------------------------------------------------------
     0 | D:1      | faibistes, the Deep Elf Wizard, began the quest for the Orb.
     0 | D:1      | Reached XP level 1. HP: 10/10 MP: 6/6
   347 | D:1      | Reached XP level 2. HP: 15/15 MP: 6/9
   438 | D:1      | Learned a level 2 spell: Blink
   441 | D:1      | Learned a level 2 spell: Call Imp
  1339 | D:2      | Reached XP level 3. HP: 19/19 MP: 10/13
  1344 | D:2      | Learned a level 3 spell: Conjure Flame
  1348 | D:2      | Learned a level 3 spell: Mephitic Cloud
  1517 | D:2      | Found a glowing golden altar of the Shining One.
  1563 | D:2      | Reached skill level 5 in Spellcasting
  1619 | D:2      | Found a shattered altar of Ashenzari.
  2014 | D:2      | Reached XP level 4. HP: 24/24 MP: 8/17
  2282 | D:2      | Learned a level 2 spell: Repel Missiles
  2734 | D:3      | Reached skill level 6 in Spellcasting
  2744 | D:3      | Found a white marble altar of Elyvilon.
  2986 | D:3      | Reached XP level 5. HP: 26/28 MP: 10/20
  3057 | D:2      | Found a blossoming altar of Fedhas.
  3931 | D:3      | Reached XP level 6. HP: 32/32 MP: 10/22
  4119 | D:3      | Found a shimmering altar of Xom.
  4285 | D:4      | Reached skill level 7 in Spellcasting
  4488 | D:5      | Entered Level 5 of the Dungeon
  4501 | D:5      | Reached skill level 1 in Evocations
  4505 | D:5      | Reached skill level 1 in Fighting
  4685 | D:5      | Found a staircase to the Ecumenical Temple.
  4695 | Temple   | Entered the Ecumenical Temple
  4706 | Temple   | Became a worshipper of Sif Muna the Loreminder
  4768 | D:5      | Found a glowing drain.
  4776 | Sewer    | Entered a sewer
  5066 | Sewer    | Reached XP level 7. HP: 36/38 MP: 14/25
  5070 | Sewer    | Reached skill level 1 in Air Magic
  5302 | Sewer    | Reached skill level 1 in Fire Magic
  5382 | Sewer    | Reached skill level 1 in Poison Magic
  5656 | D:4      | Acquired Sif Muna's first power
  6801 | D:5      | Reached skill level 8 in Spellcasting
  6801 | D:5      | Reached XP level 8. HP: 43/43 MP: 21/27
  7500 | D:6      | Acquired Sif Muna's second power
  7500 | D:6      | Reached skill level 5 in Conjurations
  8001 | D:7      | Reached skill level 5 in Dodging
  8316 | D:7      | Reached XP level 9. HP: 28/47 MP: 9/29
  8377 | D:7      | Reached skill level 9 in Spellcasting
  8631 | D:7      | Slain by an orc warrior

Action                   |  1- 3 |  4- 6 |  7- 9 || total
-------------------------+-------+-------+-------++-------
Melee: Dagger            |     1 |    20 |    13 ||    34
       Hand axe          |       |       |    43 ||    43
 Cast: Magic Dart        |    87 |   142 |   138 ||   367
       Mephitic Cloud    |     3 |    22 |    28 ||    53
       Blink             |     1 |     3 |     5 ||     9
       Conjure Flame     |       |    14 |    19 ||    33
       Repel Missiles    |       |     1 |     1 ||     2
       Call Imp          |       |     5 |       ||     5
 Abil: Evoke Flight      |       |       |     3 ||     3
  Use: Scroll            |       |    12 |     5 ||    17
 Stab: Confused          |       |     2 |     6 ||     8
  Eat: Chunk             |     2 |    11 |    10 ||    23
       Fruit             |       |       |     1 ||     1
